 Dungeon Crawl Stone Soup version 0.21.1-1-g345015f (webtiles) character file.

167 tidbits the Insei (level 5, 1/41 HPs)
             Began as a Gnoll Transmuter on Feb 10, 2018.
             Quit the game on level 3 of the Dungeon.
             The game lasted 00:04:11 (381 turns).

tidbits the Insei (Gnoll Transmuter)                 Turns: 381, Time: 00:04:11

Health: 1/41       AC:  1    Str: 13    XL:     5   Next: 48%
Magic:  2/12       EV: 20    Int: 14    God:
Gold:   9          SH:  0    Dex: 20    Spells: 8/14 levels left

rFire    . . .     SeeInvis .   a - +2 dagger (speed)
rCold    . . .     Gourm    .   (no shield)
rNeg     . . .     Faith    .   b - +0 robe
rPois    .         Spirit   .   (no helmet)
rElec    .         Reflect  .   (no cloak)
rCorr    .         Harm     .   (no gloves)
MR       .....                  (no boots)
Stlth    +++.......             (no amulet)
HPRegen  0.13/turn              (no ring)
MPRegen  0.13/turn              (no ring)

@: agile, lethally poisoned (1 -> -2)
A: distributed training, fangs 1, deformed body, dopey 1, strong nose
a: no special abilities


You were on level 3 of the Dungeon.
You were full.

You visited 1 branch of the dungeon, and saw 4 of its levels.

You collected 9 gold pieces.

Inventory:

Hand Weapons
 a - a +2 dagger of speed (weapon)
   (You took it off a goblin on level 1 of the Dungeon)
 i - a +2 short sword of speed
   (You took it off a kobold on level 3 of the Dungeon)
Missiles
 h - 7 arrows
 n - 20 sling bullets
Armour
 b - a +0 robe (worn)
Scrolls
 e - a scroll of identify {unknown}
 f - a scroll of amnesia {unknown}
 g - 2 scrolls of enchant weapon {unknown}
 j - 2 scrolls of teleportation {unknown}
 k - a scroll of enchant armour {unknown}
 m - a scroll of remove curse {unknown}
 p - a scroll of blinking {unknown}
Books
 c - a book of Changes

   Spells                             Type                      Level
   a - Beastly Appendage              Transmutation                1
   b - Sticks to Snakes               Transmutation                2
   c - Spider Form                    Transmutation/Poison         3
   d - Ice Form                       Ice/Transmutation            4
   e - Blade Hands                    Transmutation                5
Comestibles
 d - 4 rations


   Skills:
 + Level 3.0 Fighting
 + Level 1.4 Short Blades
 + Level 1.4 Long Blades
 + Level 1.4 Axes
 + Level 1.4 Maces & Flails
 + Level 1.4 Polearms
 + Level 1.4 Staves
 + Level 1.4 Slings
 + Level 1.4 Bows
 + Level 1.4 Crossbows
 + Level 1.4 Throwing
 + Level 1.4 Armour
 + Level 4.8 Dodging
 + Level 1.4 Stealth
 + Level 1.4 Shields
 + Level 6.7 Unarmed Combat
 + Level 5.2 Spellcasting
 + Level 1.1 Conjurations
 + Level 1.1 Hexes
 + Level 1.1 Charms
 + Level 1.1 Summonings
 + Level 1.1 Necromancy
 + Level 1.1 Translocations
 + Level 3.9 Transmutations
 + Level 1.1 Fire Magic
 + Level 1.1 Ice Magic
 + Level 1.1 Air Magic
 + Level 1.1 Earth Magic
 + Level 1.1 Poison Magic
 + Level 1.6 Invocations
 + Level 1.4 Evocations


You had 8 spell levels left.
You knew the following spells:

 Your Spells              Type           Power        Failure   Level  Hunger
e - Beastly Appendage     Tmut           ##....       3%          1    None
k - Sticks to Snakes      Tmut           ##......     4%          2    ##.....
p - Spider Form           Tmut/Pois      ##........   19%         3    ###....


Dungeon Overview and Level Annotations

Branches:
Dungeon (4/15)
 Temple: D:4-7

Altars:
Elyvilon
Fedhas
The Shining One


Innate Abilities, Weirdness & Mutations

Your experience applies equally to all skills.
You have very sharp teeth.
Your uncanny sense of smell can sniff out nearby items.
Armour fits poorly on your strangely shaped body.
You are dopey. (Int -2)


Message History

Your transformation is almost over.
You open the door.
An ooze comes into view.
The ooze quivers.
Casting: Spider Form
Confirm with . or Enter, or press ? or * to list all spells.
You create a snake!
You now have 8 arrows.
You hit the ooze.
The ooze is moderately wounded.
The ooze misses you.
Your ball python bites the ooze but does no damage.
You hit the ooze.
The ooze is poisoned.
The ooze is heavily wounded.
Your ball python bites the ooze.
The ooze misses you.
You hit the ooze.
You kill the ooze!
Your Fighting skill increases to level 3!
Your transformation has ended.
Your +2 dagger of speed unmelds from your body.
Your +0 robe unmelds from your body.
Your hands tingle!
There is an open door here.
Your magical contamination has completely faded away.
You open the door.
There is an open door here.
A kobold comes into view. It is wielding a short sword of speed.
The kobold shouts!
Casting: Sticks to Snakes
Confirm with . or Enter, or press ? or * to list all spells.
You turn into a venomous arachnid creature.
Your +2 dagger of speed melds into your body.
Your +0 robe melds into your body.
The kobold closely misses you. The kobold misses you.
Found a coppery potion.
Casting: Spider Form
Confirm with . or Enter, or press ? or * to list all spells.
Okay, then.
You bite the kobold!
You kill the kobold!
You see here a short sword of speed.
i - a short sword of speed Your transformation is almost over.
You see here a coppery potion.
o - a coppery potion Your ball python withers and dies!
You open the large door.
Your transformation has ended.
Your +2 dagger of speed unmelds from your body.
Your +0 robe unmelds from your body.
Your hands tingle!
Found 17 poisoned needles.
There is a large open door here.
Found a scroll labeled YCLUTHYOGI.
There is a large open door here.
An adder and a jackal come into view.
Found a stone staircase leading down.
The jackal barks!
A leopard gecko comes into view.
You see here a scroll labeled YCLUTHYOGI.
p - a scroll labeled YCLUTHYOGI The adder hisses angrily.
Casting: Spider Form
Confirm with . or Enter, or press ? or * to list all spells.
You create a snake!
You now have 7 arrows.
Casting: Sticks to Snakes
Confirm with . or Enter, or press ? or * to list all spells.
You don't have enough magic to cast that spell.
Wield which item (- for none, * to show all)? (? for menu, Esc to quit)
Okay, then.
Casting: Sticks to Snakes
Confirm with . or Enter, or press ? or * to list all spells.
You don't know that spell.
Unknown command.
Unknown command.
You hit the jackal.
You kill the jackal!
Unknown command.
You miss the leopard gecko. The leopard gecko barely misses you.
Your ball python bites the leopard gecko.
Your ball python barely misses the leopard gecko.
You hit the leopard gecko.
You kill the leopard gecko!
The adder bites you.
* * * LOW HITPOINT WARNING * * *
You are poisoned.
The adder poisons you!
It was a potion of mutation.
You feel extremely strange.
Your body twists and deforms.
You feel stupid.
You feel frail.
You feel robust.
You feel sick. The adder bites you.
* * * LOW HITPOINT WARNING * * *
Your ball python bites the adder but does no damage.
Your ball python closely misses the adder.
It was a potion of agility.
You feel agile all of a sudden.
* * * LOW HITPOINT WARNING * * *
You feel sick. The adder completely misses you.
Your ball python bites the adder but does no damage.
Your ball python grabs the adder.
Your ball python constricts the adder.
Are you sure you want to abandon this character and quit the game? (Confirm with "yes".)

#.# ∆ #.#.# #.#+#
#.#.# .....
####+###.#.#
#.....
...(.....#.#
......
..........##......
∆
..................
#........S......
##......@S.#.##
#......###..#
###'##....##.>#
######'#####.# .#
#.......## ..
#........# .#
#####........# #
#............#
#............#


You could see an adder and a friendly ball python.

Vanquished Creatures
  An ice beast (D:2)
  A scorpion (D:4)
  An ooze (D:3)
  3 leopard geckos
  3 bats (D:1)
  A giant cockroach (D:3)
  2 goblins
  2 hobgoblins
  A jackal (D:3)
  3 kobolds
  A rat (D:1)
19 creatures vanquished.

Vanquished Creatures (collateral kills)
  A rat (D:2)
1 creature vanquished.

Grand Total: 20 creatures vanquished

Notes
Turn   | Place    | Note
-------+----------+-------------------------------------------
     0 | D:1      | tidbits the Gnoll Transmuter began the quest for the Orb.
     0 | D:1      | Reached XP level 1. HP: 17/17 MP: 6/6
    44 | D:1      | Reached XP level 2. HP: 23/23 MP: 5/7
    48 | D:1      | Learned a level 2 spell: Sticks to Snakes
    79 | D:2      | Found a glowing golden altar of the Shining One.
   182 | D:2      | Found a white marble altar of Elyvilon.
   204 | D:3      | Found a blossoming altar of Fedhas.
   247 | D:2      | Noticed an ice beast
   256 | D:2      | HP: 1/34 [ice beast (14)]
   257 | D:2      | Killed an ice beast
   257 | D:2      | Reached skill level 1 in Short Blades
   257 | D:2      | Reached skill level 1 in Long Blades
   257 | D:2      | Reached skill level 1 in Axes
   257 | D:2      | Reached skill level 1 in Maces & Flails
   257 | D:2      | Reached skill level 1 in Polearms
   257 | D:2      | Reached skill level 1 in Staves
   257 | D:2      | Reached skill level 1 in Slings
   257 | D:2      | Reached skill level 1 in Bows
   257 | D:2      | Reached skill level 1 in Crossbows
   257 | D:2      | Reached skill level 1 in Throwing
   257 | D:2      | Reached skill level 1 in Armour
   257 | D:2      | Reached skill level 1 in Stealth
   257 | D:2      | Reached skill level 1 in Shields
   257 | D:2      | Reached skill level 5 in Spellcasting
   257 | D:2      | Reached skill level 1 in Conjurations
   257 | D:2      | Reached skill level 1 in Hexes
   257 | D:2      | Reached skill level 1 in Charms
   257 | D:2      | Reached skill level 1 in Summonings
   257 | D:2      | Reached skill level 1 in Necromancy
   257 | D:2      | Reached skill level 1 in Translocations
   257 | D:2      | Reached skill level 1 in Fire Magic
   257 | D:2      | Reached skill level 1 in Ice Magic
   257 | D:2      | Reached skill level 1 in Air Magic
   257 | D:2      | Reached skill level 1 in Earth Magic
   257 | D:2      | Reached skill level 1 in Poison Magic
   257 | D:2      | Reached skill level 1 in Invocations
   257 | D:2      | Reached skill level 1 in Evocations
   257 | D:2      | Reached XP level 3. HP: 2/28 MP: 5/9
   257 | D:2      | Reached XP level 4. HP: 2/34 MP: 6/11
   260 | D:2      | Found a faded altar of an unknown god.
   310 | D:4      | HP: 1/34 [scorpion (8)]
   312 | D:4      | Reached XP level 5. HP: 1/40 MP: 6/12
   317 | D:4      | Learned a level 3 spell: Spider Form
   346 | D:3      | Reached skill level 3 in Fighting
   379 | D:3      | Gained mutation: Armour fits poorly on your strangely shaped body. [potion of mutation]
   379 | D:3      | Gained mutation: You are dopey. (Int -2) [potion of mutation]
   379 | D:3      | Gained mutation: You are frail. (-10% HP) [potion of mutation]
   379 | D:3      | Lost mutation: You are frail. (-10% HP) [potion of mutation]
   379 | D:3      | HP: 2/41 [adder (4)]
   381 | D:3      | Quit the game

Skill      XL: |  1  2  3  4  5 |
---------------+----------------+-----
Short Blades   | 1 |  1.4
Long Blades    | 1 |  1.4
Axes           | 1 |  1.4
Maces & Flails | 1 |  1.4
Polearms       | 1 |  1.4
Staves         | 1 |  1.4
Slings         | 1 |  1.4
Bows           | 1 |  1.4
Crossbows      | 1 |  1.4
Throwing       | 1 |  1.4
Armour         | 1 |  1.4
Stealth        | 1 |  1.4
Shields        | 1 |  1.4
Spellcasting   | 5 |  5.2
Conjurations   | 1 |  1.1
Hexes          | 1 |  1.1
Charms         | 1 |  1.1
Summonings     | 1 |  1.1
Necromancy     | 1 |  1.1
Translocations | 1 |  1.1
Fire Magic     | 1 |  1.1
Ice Magic      | 1 |  1.1
Air Magic      | 1 |  1.1
Earth Magic    | 1 |  1.1
Poison Magic   | 1 |  1.1
Invocations    | 1 |  1.6
Evocations     | 1 |  1.4
Fighting       | 3 |  3.0
Dodging        | |  4.8
Unarmed Combat | |  6.7
Transmutations | |  3.9

Action                   |  1- 3 |  4- 6 || total
-------------------------+-------+-------++-------
Melee: Unarmed           |    10 |     5 ||    15
       Punch             |     4 |       ||     4
       Kick              |     1 |     4 ||     5
       Dagger            |    22 |    10 ||    32
       Headbutt          |     2 |       ||     2
       Bite              |     1 |     2 ||     3
 Cast: Beastly Appendage |     7 |     1 ||     8
       Sticks to Snakes  |     1 |     4 ||     5
       Spider Form       |       |     2 ||     2
  Use: Potion            |     2 |     2 ||     4
  Eat: Ration            |       |     1 ||     1
Armor: Robe              |     2 |       ||     2
Dodge: Dodged            |    25 |    11 ||    36

Table legend:
 A = Turns spent in this place as a percentage of turns spent in the entire game.
 B = Non-inter-level travel turns spent in this place as a percentage of non-inter-level travel turns spent in the entire game.
 C = Inter-level travel turns spent in this place as a percentage of turns spent in this place.
 D = Turns resting spent in this place as a percentage of non-inter-level travel turns spent in this place.
 E = Turns spent auto-exploring this place as a percentage of non-inter-level travel turns spent in this place.
 F = Non-inter-level travel turns spent in this place divided by the number of levels of this place that you've seen.
                   A       B       C       D       E      F
               +-------+-------+-------+-------+-------+----------------------
         Total | 100.0 | 100.0 |   0.0 |   0.0 |   0.0 |  95.2
       Dungeon | 100.0 | 100.0 |   0.0 |   0.0 |   0.0 |  95.2
               +-------+-------+-------+-------+-------+----------------------

Table legend:
 A = Kills in this place as a percentage of kills in entire the game.
 B = Kills by you in this place as a percentage of kills by you in the entire game.
 C = Kills by friends in this place as a percentage of kills by friends in the entire game.
 D = Other kills in this place as a percentage of other kills in the entire game.
 E = Experience gained in this place as a percentage of experience gained in the entire game.
 F = Experience gained in this place divided by the number of levels of this place that you have seen.
                   A       B       C       D       E      F
               +-------+-------+-------+-------+-------+----------------------
         Total | 100.0 | 100.0 | 100.0 |   N/A | 100.0 |  59.8
       Dungeon | 100.0 | 100.0 | 100.0 |   N/A | 100.0 |  59.8
               +-------+-------+-------+-------+-------+----------------------

Vault maps used:
D:1:      lemuel_arrival_room
D:2:      elyvilon_altar_3, overflow_temple_1_default, lemuel_doored_altar,
          chequers_ecumenical_altar_simple, first_ration
D:3:      nicolae_overflow_hidden_temple, st_stairs_7, fedhas_altar_1
D:4:      wad_rectangle_vault
